 Dungeon Crawl Stone Soup version 0.26-a0-646-g5d7718319a (webtiles) character file.

Game seed: 7242389490991120251

688 Colgate the Grave Robber (level 7, 14/51 HPs)
             Began as a Gnoll Necromancer on Sept 24, 2020.
             Was a Follower of Sif Muna.
             Quit the game on level 5 of the Dungeon.
             The game lasted 01:08:05 (6629 turns).

Colgate the Grave Robber (Gnoll Necromancer)        Turns: 6629, Time: 01:08:06

Health: 14/51      AC:  8    Str: 10    XL:     7   Next: 63%
Magic:  15/15      EV: 13    Int: 20    God:    Sif Muna [*.....]
Gold:   229        SH:  0    Dex: 15    Spells: 3/17 levels left

rFire    . . .     SeeInvis +   b - +0 quarterstaff
rCold    . . .     Faith    .   (shield currently unavailable)
rNeg     . . .     Spirit   .   A - +0 ring mail
rPois    .         Reflect  .   y - +2 hat
rElec    .         Harm     .   (no cloak)
rCorr    .         Rampage  .   l - +0 pair of gloves
MR       +....                  (no boots)
Stlth    ++........             (no amulet)
HPRegen  0.17/turn              E - ring of see invisible
MPRegen  0.14/turn              M - ring of protection from magic

@: mildly poisoned (14 -> 13)
A: distributed training, fangs 1, strong nose
a: Channel Magic, Renounce Religion


You were on level 5 of the Dungeon.
You worshipped Sif Muna.
Sif Muna was aware of your devotion.
You visited 1 branch of the dungeon, and saw 5 of its levels.

You collected 229 gold pieces.

Inventory:

Hand Weapons
 a - a +0 hunting sling
 b - a +0 quarterstaff (weapon)
 i - a +0 dagger
 j - a +0 spear
 z - a +0 flail
Missiles
 d - 133 stones
 m - 92 arrows
 q - 55 sling bullets
 r - 39 poisoned darts
 B - 2 boomerangs
 C - 19 bolts
 K - 5 javelins (quivered)
 L - 5 silver javelins
Armour
 l - a +0 pair of gloves (worn)
 p - a +0 scale mail
 s - a +0 robe
 w - a +0 chain mail
 y - a +2 hat (worn)
 A - a +0 ring mail (worn)
 I - a +0 leather armour
Magical Staves
 G - an uncursed staff of poison
Jewellery
 E - a ring of see invisible (left hand)
 M - a ring of protection from magic (right hand)
Scrolls
 c - 4 scrolls of identify {unknown}
 h - 2 scrolls of teleportation {unknown}
 o - 3 scrolls of remove curse {unknown}
 v - a scroll of noise {unknown}
 x - a scroll of enchant weapon {unknown}
 F - a scroll of immolation {unknown}
Potions
 e - 2 potions of flight {unknown}
 f - a potion of resistance {unknown}
 g - 2 potions of brilliance {unknown}
 k - a potion of ambrosia {unknown}
 n - 2 potions of stabbing {unknown}
 t - a potion of lignification {unknown}
 u - a potion of degeneration {unknown}
 D - a potion of might {unknown}
 H - a potion of haste {unknown}
 J - a potion of invisibility


   Skills:
 + Level 2.6 Fighting
 + Level 2.6 Short Blades
 + Level 2.6 Long Blades
 + Level 2.6 Axes
 + Level 2.6 Maces & Flails
 + Level 2.6 Polearms
 + Level 2.6 Staves
 + Level 2.6 Slings
 + Level 2.6 Bows
 + Level 2.6 Crossbows
 + Level 2.6 Throwing
 + Level 2.6 Armour
 + Level 5.3 Dodging
 + Level 5.0 Stealth
 + Level 2.6 Shields
 + Level 2.6 Unarmed Combat
 + Level 5.7 Spellcasting
 + Level 2.1 Conjurations
 + Level 2.1 Hexes
 + Level 2.1 Summonings
 + Level 7.4 Necromancy
 + Level 2.1 Translocations
 + Level 2.1 Transmutations
 + Level 2.1 Fire Magic
 + Level 2.1 Ice Magic
 + Level 2.1 Air Magic
 + Level 2.1 Earth Magic
 + Level 2.1 Poison Magic
 + Level 2.9 Invocations
 + Level 2.6 Evocations


You had 3 spell levels left.
You knew the following spells:

 Your Spells              Type           Power        Failure   Level
a - Pain                  Necr           ####         1%          1
b - Animate Skeleton      Necr           #####.       1%          1
c - Vampiric Draining     Necr           #####.....   3%          3
d - Animate Dead          Necr           #####.....   12%         4
e - Agony                 Necr           #####...     34%         5

Your spell library contained the following spells:

 Spells                   Type           Power        Failure   Level


Dungeon Overview and Level Annotations

Branches:
Dungeon (5/15)
 Temple: D:4-7

Altars:
Elyvilon
Fedhas
Sif Muna
Trog
Zin
The Shining One

Annotations:
D:4 exclusion: phantom, Eustachio


Innate Abilities, Weirdness & Mutations

Your experience applies equally to all skills.
You have very sharp teeth.
Your uncanny sense of smell can sniff out nearby items.


Message History

The iguana bites you. The worker ant closely misses you.
You hit the iguana.
You kill the iguana!
Sif Muna accepts your kill.
Your Stealth skill increases to level 5!
The water moccasin skeleton bites you.
The worker ant bites you but does no damage.
The water moccasin skeleton bites you.
* * * LOW HITPOINT WARNING * * *
You hit the worker ant.
The worker ant is moderately wounded.
You feel sick. The worker ant misses you.
The water moccasin skeleton barely misses you.
The worker ant misses you.
You barely miss the worker ant.
You bite the worker ant, but do no damage.
The worker ant is moderately wounded.
The water moccasin skeleton closely misses you.
The worker ant bites you but does no damage.
Are you sure you want to abandon this character and quit the game? (Confirm with "yes".)

...# ########...#.#
#.#.#.....# .###
#............#
#...#.##### .
#.....###..###.#####.#
###
#..............##....#
...#...........#####.####
#.#...........#####.#
#...#..............)#
###.#.######..#######
#...# #..@....# #####
#.a†Z##.# #.....# ###(..#
#...# #..(# ##.(# #(>(
##.(


You could see a worker ant and a water moccasin skeleton.

Vanquished Creatures
  A sky beast (D:5)
  An ogre (D:3)
  A centaur (D:4)
  A scorpion (D:5)
  A water moccasin skeleton (D:4)
  A bullfrog zombie (D:5)
  An orc wizard (D:3)
  2 iguanas
  A worker ant (D:4)
  A hound skeleton (D:4)
  A howler monkey zombie (D:5)
  7 adders
  2 white imps (D:5)
  An ufetubus (D:5)
  A worm (D:2)
  4 dart slugs
  5 leopard geckos
  5 orcs
  3 ball pythons
  5 giant cockroaches
  7 hobgoblins
  4 jackals (D:2)
  11 kobolds
  A quokka (D:2)
  5 bats
  8 frilled lizards
  6 goblins
  9 rats
96 creatures vanquished.

Vanquished Creatures (others)
  A quokka (D:2)
  12 plants
13 creatures vanquished.

Grand Total: 109 creatures vanquished

Notes
Turn   | Place    | Note
-------+----------+-------------------------------------------
     0 | D:1      | Colgate the Gnoll Necromancer began the quest for the Orb.
     0 | D:1      | Reached XP level 1. HP: 13/13 MP: 6/6
     2 | D:1      | Learned a level 1 spell: Animate Skeleton
   112 | D:1      | Reached XP level 2. HP: 13/19 MP: 1/7
  1300 | D:2      | Reached XP level 3. HP: 19/25 MP: 7/9
  1506 | D:2      | Reached skill level 5 in Spellcasting
  1534 | D:2      | Learned a level 3 spell: Vampiric Draining
  1600 | D:2      | Reached skill level 1 in Invocations
  1990 | D:2      | Reached skill level 1 in Fighting
  1990 | D:2      | Reached skill level 1 in Short Blades
  1990 | D:2      | Reached skill level 1 in Long Blades
  1990 | D:2      | Reached skill level 1 in Axes
  1990 | D:2      | Reached skill level 1 in Maces & Flails
  1990 | D:2      | Reached skill level 1 in Polearms
  1990 | D:2      | Reached skill level 1 in Staves
  1990 | D:2      | Reached skill level 1 in Slings
  1990 | D:2      | Reached skill level 1 in Bows
  1990 | D:2      | Reached skill level 1 in Crossbows
  1990 | D:2      | Reached skill level 1 in Throwing
  1990 | D:2      | Reached skill level 1 in Armour
  1990 | D:2      | Reached skill level 1 in Shields
  1990 | D:2      | Reached skill level 1 in Unarmed Combat
  1990 | D:2      | Reached skill level 1 in Evocations
  2142 | D:2      | Reached XP level 4. HP: 31/32 MP: 8/11
  2148 | D:2      | Learned a level 4 spell: Animate Dead
  2899 | D:2      | Found a bloodstained altar of Trog.
  3413 | D:3      | Reached skill level 1 in Conjurations
  3413 | D:3      | Reached skill level 1 in Hexes
  3413 | D:3      | Reached skill level 1 in Summonings
  3413 | D:3      | Reached skill level 1 in Translocations
  3413 | D:3      | Reached skill level 1 in Transmutations
  3413 | D:3      | Reached skill level 1 in Fire Magic
  3413 | D:3      | Reached skill level 1 in Ice Magic
  3413 | D:3      | Reached skill level 1 in Air Magic
  3413 | D:3      | Reached skill level 1 in Earth Magic
  3413 | D:3      | Reached skill level 1 in Poison Magic
  3604 | D:3      | Found a shimmering blue altar of Sif Muna.
  3659 | D:3      | Became a worshipper of Sif Muna the Loreminder
  3690 | D:3      | Noticed an ogre
  3698 | D:3      | Killed an ogre
  3698 | D:3      | Reached XP level 5. HP: 37/37 MP: 5/12
  3896 | D:3      | Reached XP level 6. HP: 44/44 MP: 6/13
  4077 | D:3      | Found a faded altar of an unknown god.
  4493 | D:3      | Found a glowing golden altar of the Shining One.
  4493 | D:3      | Found a glowing silver altar of Zin.
  4494 | D:3      | Found a white marble altar of Elyvilon.
  4652 | D:4      | Reached skill level 5 in Dodging
  4859 | D:4      | Learned a level 5 spell: Agony
  4905 | D:4      | Noticed Eustachio
  4922 | D:4      | Noticed a phantom
  5190 | D:4      | Found a blossoming altar of Fedhas.
  5409 | D:4      | Reached XP level 7. HP: 30/50 MP: 15/15
  5813 | D:5      | Entered Level 5 of the Dungeon
  6492 | D:5      | Reached * piety under Sif Muna
  6626 | D:5      | Reached skill level 5 in Stealth
  6629 | D:5      | Quit the game

Illustrated notes

Levels and vault maps discovered:
D:1:      shiori_shiawase, layout_basic, grunt_decor_one_mirror,
          minmay_small_reverse_x
D:2:      layout_loops_ring, lemuel_round_altar, minmay_misc_feat_plants
D:3:      layout_loops_ring, good_gods_temple_1, lemuel_round_altar,
          chequers_ecumenical_altar_lobes, minmay_misc_feat_columns
D:4:      layout_loops_ring, fedhas_ov_isle_minmay, uniq_eustachio
D:5:      layout_basic, minmay_bent, uniq_menkaure

Skill      XL: |  1  2  3  4  5  6  7 |
---------------+----------------------+-----
Spellcasting   | 5 |  5.7
Invocations    | 1 2 |  2.9
Fighting       | 1 2 |  2.6
Short Blades   | 1 2 |  2.6
Long Blades    | 1 2 |  2.6
Axes           | 1 2 |  2.6
Maces & Flails | 1 2 |  2.6
Polearms       | 1 2 |  2.6
Staves         | 1 2 |  2.6
Slings         | 1 2 |  2.6
Bows           | 1 2 |  2.6
Crossbows      | 1 2 |  2.6
Throwing       | 1 2 |  2.6
Armour         | 1 2 |  2.6
Shields        | 1 2 |  2.6
Unarmed Combat | 1 2 |  2.6
Evocations     | 1 2 |  2.6
Conjurations   | 1 2 |  2.1
Hexes          | 1 2 |  2.1
Summonings     | 1 2 |  2.1
Translocations | 1 2 |  2.1
Transmutations | 1 2 |  2.1
Fire Magic     | 1 2 |  2.1
Ice Magic      | 1 2 |  2.1
Air Magic      | 1 2 |  2.1
Earth Magic    | 1 2 |  2.1
Poison Magic   | 1 2 |  2.1
Dodging        | 5 |  5.3
Stealth        | 5 |  5.0
Necromancy     | |  7.4

Action                   |  1- 3 |  4- 6 |  7- 9 || total
-------------------------+-------+-------+-------++-------
Melee: Spear             |    34 |       |       ||    34
       Bite              |     2 |     3 |     8 ||    13
       Quarterstaff      |       |    40 |    55 ||    95
 Fire: Hunting sling     |       |    87 |    33 ||   120
Throw: Stone             |    33 |       |       ||    33
       Dart              |       |     5 |     1 ||     6
       Boomerang         |       |     1 |       ||     1
       Javelin           |       |       |     1 ||     1
 Cast: Pain              |    41 |    10 |       ||    51
       Animate Skeleton  |    14 |       |       ||    14
       Vampiric Draining |     5 |    17 |       ||    22
       Animate Dead      |       |    22 |     3 ||    25
 Stab: Sleeping          |     1 |       |       ||     1
Armor: Robe              |     4 |    14 |       ||    18
       Ring mail         |       |     3 |    14 ||    17
       Chain mail        |       |       |     4 ||     4
Dodge: Dodged            |    24 |    36 |    42 ||   102

Table legend: (Time is in decaauts)
 A = Elapsed time spent in this place.
 B = Non-inter-level travel time spent in this place.
 C = Inter-level travel time spent in this place.
 D = Time resting spent in this place.
 E = Time spent auto-exploring this place.
 F = Levels seen in this place.
 G = Mean time per level.
                   A        B        C        D        E       F      G
               +--------+--------+--------+--------+--------+-----+--------+
         Total |   6846 |   6299 |    547 |    300 |   4836 |   5 | 1369.2 |
       Dungeon |   6846 |   6299 |    547 |    300 |   4836 |   5 | 1369.2 |
               +--------+--------+--------+--------+--------+-----+--------+

Top non-repeatable levels by time:
     D:1: 1645 daAuts
     D:3: 1574 daAuts
     D:2: 1524 daAuts
     D:4: 1276 daAuts
     D:5: 825 daAuts
